 Dungeon Crawl Stone Soup version 0.29-a0-11-ga75d3d97ab (webtiles) character file.

Game seed: 9113569936411671511

151 SirFunk the Magician (level 5, -3/40 HPs)
             Began as a Djinni Conjurer on Jan 27, 2022.
             Blown up by a wight (10 damage)
             ... with a mindburst bolt
             ... on level 3 of the Dungeon on Jan 28, 2022.
             The game lasted 00:07:21 (4289 turns).

SirFunk the Magician (Djinni Conjurer)              Turns: 4289, Time: 00:07:22

Health: -3/40      AC:  2    Str:  6    XL:     5   Next: 60%
Gold:   90         EV: 12    Int: 21    God:
                   SH:  0    Dex: 12

rFire   + + +      SeeInvis .   a - +0 dagger (elec)
rCold   . . .      Faith    .   (no shield)
rNeg    . . .      Spirit   .   m - +0 robe
rPois   ∞          Reflect  .   (no helmet)
rElec   .          Harm     .   k - scarf {rC+ rF+}
rCorr   .          Rampage  .   (no gloves)
Will    +....                   (boots unavailable)
Stlth   ++........              (no amulet)
HPRegen 0.13/turn               i - ring of willpower
MPRegen 0.00/turn               (no ring)

@: on blink cooldown, flying
A: sickness immunity, fire resistance 2, cold vulnerability 1, float, innate
caster, hp casting, extra vitality 1
a: no special abilities


You were on level 3 of the Dungeon.
You visited 1 branch of the dungeon, and saw 4 of its levels.

You collected 90 gold pieces.

Inventory:

Hand Weapons
 a - a +0 dagger of electrocution (weapon)
 b - a +0 hunting sling
Missiles
 h - 78 stones
Armour
 k - a scarf of resistance (worn)
 m - a +0 robe (worn)
Jewellery
 i - a ring of willpower (left hand)
Scrolls
 d - a scroll of vulnerability {unknown}
 e - a scroll of immolation {unknown}
 f - a scroll of blinking {unknown}
 g - a scroll of magic mapping {unknown}
 j - a scroll of amnesia {unknown}
 l - 2 scrolls of identify {unknown}
 n - a scroll of noise {unknown}
Potions
 c - a potion of lignification {unknown}


   Skills:
 + Level 3.2 Fighting
 - Level 2.1 Dodging
 - Level 1.5 Stealth
 + Level 4.2 Spellcasting


You couldn't memorise any spells.
You knew the following spells:

 Your Spells              Type           Power      Damage    Failure   Level
a - Magic Dart            Conj           88%        1d7       1%          1
b - Searing Ray           Conj           44%        2d6       3%          2
c - Dazzling Flash        Conj/Hex       44%        N/A       6%          3
d - Fulminant Prism       Conj/Hex       11%        3d9       21%         4
e - Iskenderun's Mystic   Conj/Tloc      22%        2d6       21%         4
f - Freeze                Ice            88%        1d10      1%          1
g - Blink                 Tloc           44%        N/A       3%          2
Your spell library was empty.

Dungeon Overview and Level Annotations

Branches:
Dungeon (4/15)
 Temple: D:4-7

Altars:
Qazlal
Zin


Innate Abilities, Weirdness & Mutations

You are immune to sickness and miasma.
You are immune to poison.
Your flesh is very heat resistant. (rF++)
You are vulnerable to cold. (rC-)
You float through the air rather than walking.
You learn spells naturally, not from books.
Your magical power is your life essence.
You have superior vitality. (+4 MHP)


Message History

The wight is lightly damaged.
Casting: Magic Dart (safe; 1% risk of failure)
Confirm with . or Enter, or press ? or * to list all spells.
Aiming: Magic Dart (safe; 1% risk of failure)
Press: ? - help, Shift-Dir - straight line, f/p - wight
Aim: a wight, wielding a +1 dagger, wearing a +0 robe and carrying a wand of mindburst (20) (lightly damaged, 100% to hit)
The magic dart hits the wight but does no damage.
The wight is lightly damaged.
Your magical contamination has completely faded away.
The wight completely misses you. The wight closely misses you.
You fly upwards.
There is a stone staircase leading down here.
Casting: Magic Dart (safe; 1% risk of failure)
Confirm with . or Enter, or press ? or * to list all spells.
Aiming: Searing Ray (safe; 3% risk of failure)
Press: ? - help, Shift-Dir - straight line, f - wight
Aim: a wight, wielding a +1 dagger, wearing a +0 robe and carrying a wand of mindburst (20) (lightly damaged, 78% to hit)
The searing ray hits the wight but does no damage.
The wight is lightly damaged. (Press . to maintain the ray.)
The wight hits you with a +1 dagger.
A wight is nearby!
The searing ray hits the wight but does no damage.
The wight is lightly damaged.
The wight hits you with a +1 dagger!
The searing ray hits the wight.
The wight is heavily damaged.
The wight hits you with a +1 dagger.
* * * LOW HITPOINT WARNING * * *
The searing ray hits the wight.
The wight is severely damaged.
* * * LOW HITPOINT WARNING * * *
You finish channelling your searing ray.
The wight zaps a wand.
You resist with some effort.
Casting: Searing Ray (safe; 3% risk of failure)
Confirm with . or Enter, or press ? or * to list all spells.
You blink.
* * * LOW HITPOINT WARNING * * *
The wight zaps a wand.
Your mind is blasted!
You die...

####.#.#######..#.#
#.######.
#.#.######..##.#####.†..)...
#.#.....##.###...........###
#.#####.##.# ###########.# #
#.# #.##.# #.# # #.# #.##.#
#.# #.# #.##.# ##### #.# #.#
#.##.####...# #.# #.#
#.##.@......# #.# # #.#
#.#######z..######.### #.#
#.########>...........
#.#####..........#######.###
#..)...........#............
####.............###########
#.##########.## # #.# #.# #
#.# #.# #


You could see a wight.

Vanquished Creatures
  A hound (D:4)
  5 adders
  2 dart slugs
  An orc (D:3)
  7 endoplasms
  5 giant cockroaches
  5 hobgoblins
  7 jackals (D:2)
  4 quokkas
  7 ball pythons
  5 bats
  5 frilled lizards
  3 goblins
  9 kobolds
  4 rats
70 creatures vanquished.

Notes
Turn   | Place    | Note
-------+----------+-------------------------------------------
     0 | D:1      | SirFunk the Djinni Conjurer began the quest for the Orb.
     0 | D:1      | Reached XP level 1. HP: 15/15 MP: 0/0
   198 | D:1      | Found a faded altar of an unknown god.
   264 | D:1      | Reached skill level 1 in Fighting
   264 | D:1      | Reached XP level 2. HP: 19/22 MP: 0/0
   988 | D:1      | Reached XP level 3. HP: 25/27 MP: 0/0
   988 | D:1      | Learned a level 1 spell: Freeze
  1739 | D:1      | Upgraded the game from 0.29-a0-8-g0446c0dae4 to
                  | 0.29-a0-9-g022ca4c890
  2308 | D:2      | Reached XP level 4. HP: 29/33 MP: 0/0
  2899 | D:2      | Reached skill level 4 in Spellcasting
  3267 | D:2      | Reached XP level 5. HP: 38/39 MP: 0/0
  3267 | D:2      | Learned a level 2 spell: Blink
  3946 | D:3      | Found a stormy altar of Qazlal.
  3984 | D:3      | Upgraded the game from 0.29-a0-9-g022ca4c890 to
                  | 0.29-a0-11-ga75d3d97ab
  4249 | D:4      | Found a glowing silver altar of Zin.
  4289 | D:3      | Blown up by a wight

Illustrated notes

Levels and vault maps discovered:
D:1:      psy_arrival_radial01, layout_basic,
          shapermc_ecumenical_altar_flowoftime
D:2:      layout_loops_corners
D:3:      layout_loops_ring, old_standard_altar, nicolae_figureground_pulse
D:4:      layout_cave_pools, zin_academy, serial_shops, shop,
          minmay_mini_ossuary

Skill      XL: |  1  2  3  4  5 |
---------------+----------------+-----
Fighting       | 1 2 3 |  3.2
Spellcasting   | 4 |  4.2
Dodging        | |  2.1
Stealth        | |  1.5

Action                   |  1- 3 |  4- 6 || total
-------------------------+-------+-------++-------
Melee: Falchion          |     5 |       ||     5
       Dagger            |       |     1 ||     1
 Cast: Magic Dart        |    79 |    76 ||   155
       Blink             |       |     1 ||     1
       Searing Ray       |       |     1 ||     1
Armor: Robe              |     2 |       ||     2
Dodge: Dodged            |     9 |     5 ||    14

Table legend: (Time is in decaauts)
 A = Elapsed time spent in this place.
 B = Non-inter-level travel time spent in this place.
 C = Inter-level travel time spent in this place.
 D = Time resting spent in this place.
 E = Time spent auto-exploring this place.
 F = Levels seen in this place.
 G = Mean time per level.
                   A        B        C        D        E       F      G
               +--------+--------+--------+--------+--------+-----+--------+
         Total |   4287 |   4083 |    204 |    619 |   3139 |   4 | 1071.8 |
       Dungeon |   4287 |   4083 |    204 |    619 |   3139 |   4 | 1071.8 |
               +--------+--------+--------+--------+--------+-----+--------+

Top non-repeatable levels by time:
     D:1: 1907 daAuts
     D:2: 1587 daAuts
     D:3: 759 daAuts
     D:4: 32 daAuts
